[Event "*** Titled Tuesday Blitz"]
[Site "Chess.com"]
[Date "2018.12.04"]
[Round "9"]
[White "LonesomeGeorge1"]
[Black "Bad_left_hook"]
[Result "0-1"]
[WhiteElo "2423"]
[BlackElo "2511"]
[TimeControl "180+2"]
[EndTime "15:11:29 PST"]
[Termination "Bad_left_hook won on time"]

1. d4 Nf6 2. Nf3 g6 3. c4 Bg7 4.
g3 c6 5. Bg2 d5 6. cxd5 cxd5 7.
O-O O-O 8. Ne5 Ne4 9. Nd2 Nd7 10.
Nxe4 Nxe5 11. Nc3 Nc6 12. Nxd5 Nxd4 13. Nc3 Nc6 14. Bf4 Qa5 15. Qb3 Nd4 16. Qd5 Qb4 17. Rab1 Bf5 18. e4 Be6 19. Qg5 h6 20. Qh4 g5 21.
Bxg5 hxg5 22. Qxg5 Qd6 23. f4 Qb6 24. Kh1 f6 25.
Qh4 Bf7 26. Rfd1 Rfd8 27. Nd5 Bxd5 28. exd5 Nf5 29. Qh3 Ne3 30. Be4 Nxd1 31. Qh7+ Kf8 32. Rxd1 Qe3 33. Rd3 Qe1+ 34. Kg2 e6 35. d6 f5 36.
Bxf5 Qe2+ 37. Kh3 exf5 38. Qxf5+ Kg8 39. Qd5+ Kh7 40. Qf5+ Kg8 41. Qd5+ Kh8 42. Rd2 Qf1+ 43. Kg4 Rf8 44. Qh5+ Kg8 45. Qd5+ Rf7 46. d7 Rd8 47. Qe6 Qa6 48. Rd6 Qb5 49. f5 Rxd7 50. Qe8+ Kh7 51.
f6 Qc4+ 52. Kh5 Rxd6 0-1

[Event "*** Titled Tuesday Blitz"]
[Site "Chess.com"]
[Date "2018.12.04"]
[Round "9"]
[White "sergeikim"]
[Black "Atanejhad"]
[Result "0-1"]
[WhiteElo "2448"]
[BlackElo "2301"]
[TimeControl "180+2"]
[EndTime "15:11:32 PST"]
[Termination "Atanejhad won by resignation"]

1. d4 Nf6 2. c4 g6 3. Nc3 Bg7 4. e4 d6 5. Nge2 O-O 6. Ng3 e5 7. d5 Nbd7 8. Be2 a5 9. O-O Nc5 10. Bg5 h6 11. Be3 b6 12. Qd2 Kh7 13. h3 Bd7 14.
Rae1 Be8 15. Bd1 Nfd7 16. Bc2 f6 17. Nb5 Nb8 18. f4 exf4 19. Rxf4 Bxb5 20. cxb5 Nbd7 21. Rh4 g5 22. e5+ Kg8 23. Rh5 fxe5 24. Nf5 Rxf5 25. Bxf5 Nf6 26. Bxc5 Nxh5 27. Be6+ Kh8 28. Bf2 Nf4 29.
Bg4 h5 30. Bf5 Qf6 31. Bb1 Rf8 32. Be3 g4 33. Qc2 Qh6 34. h4 g3 35. Qxc7 Nxd5 36. Bxh6 Nxc7 37. Be3 Nd5 38. Bg5 Bf6 39. Be4 Bxg5 40. hxg5 Nf4 41. Bf3 Rc8 42. Bc6 Kg7 43.
Rd1 Rd8 44. Kf1 Kg6 45. Ke1 Kxg5 46. Kd2 d5 47. Rg1 h4 48. Ke3 d4+ 49. Ke4 d3 50. Kxe5 d2 51. Rd1 Nd3+ 52. Ke6 Nf2 53. Ke7 Rd4 54. Rxd2 Rxd2 0-1

[Event "*** Titled Tuesday Blitz"]
[Site "Chess.com"]
[Date "2018.12.04"]
[Round "9"]
[White "maziarbagheri"]
[Black "TheRigos"]
[Result "1-0"]
[WhiteElo "2272"]
[BlackElo "2402"]
[TimeControl "180+2"]
[EndTime "15:11:34 PST"]
[Termination "maziarbagheri won by resignation"]

1. d4 Nf6 2. c4 g6 3. Nc3 d5 4.
cxd5 Nxd5 5. e4 Nxc3 6. bxc3 Bg7 7. Be3 c5 8. Rc1 O-O 9. Qd2 Qa5 10. Nf3 cxd4 11.
cxd4 Qxd2+ 12. Nxd2 Nc6 13. Nb3 e6 14. Bb5 Rd8 15.
Bxc6 bxc6 16. f3 e5 17. dxe5 Bxe5 18. Rxc6 Bd7 19. Rc2 a5 20. Kf2 Ba4 21. Rb1 Rab8 22. Rc4 Bb5 23. Rc5 Bd6 24. Rd5 Bc4 25. Rxa5 Bb4 26.
Ra4 Rd3 27. Rc1 Be6 28. Ke2 Rd7 29. Nd4 Be7 30. Rc2 Rb1 31. Nxe6 fxe6 32. Ra7 Rxa7 33. Bxa7 Kf7 34. h3 h5 35. Be3 Bd6 36. Kd3 e5 37. Rc1 Rb2 38. Rc2 Rb1 39. Bc1 Ke6 40. Kc4 Rb8 41. Bb2 Rb4+ 42. Kd3 Ra4 43. Bc3 Ra3 44. Kc4 Ra8 45. a4 Rc8+ 46. Kd3 g5 47. Ra2 Rc6 48. a5 Ra6 49. Kc4 Kd7 50. Kb5 Rc6 51. Bb4 Bc7 52. a6 Rb6+ 53. Kc4 Rb8 54. a7 Ra8 55. Bc5 Kc6 56. Ra6+ Kb7 57. Rg6 Rc8 58.
Kb5 Bd8 59. Rg7+ Ka8 60. Rd7 Bf6 61. Rd6 Bd8 62. Rd7 Bf6 63. Rf7 Bd8 64. Rh7 h4 65. Rf7 Bc7 66. Rf8 Rxf8 67. Bxf8 Kxa7 68. Kc6 Bd8 69. Bg7 Ka6 70. Bxe5 Ka5 71. Bc3+ Ka4 72.
Kd7 Bb6 73. Bd2 Kb3 74. Bxg5 Bf2 75. e5 Kc4 76. e6 1-0

[Event "*** Titled Tuesday Blitz"]
[Site "Chess.com"]
[Date "2018.12.04"]
[Round "9"]
[White "ASVZ"]
[Black "WorldChampionBulletChess"]
[Result "0-1"]
[WhiteElo "2270"]
[BlackElo "2183"]
[TimeControl "180+2"]
[EndTime "15:11:35 PST"]
[Termination "WorldChampionBulletChess won on time"]

1. e4 c5 2. c3 e6 3. d4 cxd4 4. cxd4 d5 5. e5 Nc6 6. Nc3 Qb6 7. Nf3 Nge7 8. Bd3 Bd7 9. O-O Nxd4 10. Nxd4 Qxd4 11.
Qe2 Qb6 12. Kh1 Nc6 13. f4 Be7 14. f5 O-O-O 15. a3 Nd4 16. Qf2 Nb3 17. Qxb6 axb6 18. Rb1 Nxc1 19. Rbxc1 Kb8 20. g4 Rc8 21. Ne2 Bc6 22. b4 Bg5 23. Nf4 h5 24. gxh5 Bxf4 25. Rxf4 Rxh5 26. Rc2 Rch8 27. Rg4 Rh3 28. Bf1 Rxa3 29.
b5 Be8 30. Rxg7 Ra1 31. Kg1 Bxb5 32. Rf2 Bxf1 33. Rxf1 Ra4 34. Rxf7 Rg4+ 35. Kh1 Rgh4 36. Rf2 exf5 37. e6 Re8 38. e7 Re4 39. R2xf5 R4xe7 40. Rxe7 Rxe7 41. Rxd5 Kc7 42. h4 Kc6 43. Rd2 b5 44.
Kg2 b4 45. Kf3 Kc5 46. h5 Kc4 47. Kf4 Kc3 48. Rd1 b3 49. Kf5 Kc2 50. Rh1 b2 51. Kf6 Rc7 52. Rh2+ Kb3 53. Rh3+ Ka2 54. Rh1 b1=Q 0-1

[Event "*** Titled Tuesday Blitz"]
[Site "Chess.com"]
[Date "2018.12.04"]
[Round "9"]
[White "Gabrielian_Artur"]
[Black "iaraldinho"]
[Result "1-0"]
[WhiteElo "2724"]
[BlackElo "2495"]
[TimeControl "180+2"]
[EndTime "15:11:46 PST"]
[Termination "Gabrielian_Artur won by resignation"]

1. e4 c5 2. Nc3 e6 3. g3 Nc6 4. Bg2 Nf6 5. d3 d5 6. Nge2 Be7 7. O-O O-O 8. h3 Rb8 9. Bf4 Ra8 10. Bd2 b6 11. exd5 exd5 12. Bg5 Be6 13. Nf4 Rc8 14. Re1 d4 15. Nxe6 fxe6 16. Nb1 Nd7 17. Bxe7 Qxe7 18. Nd2 Nde5 19. Qe2 Qf7 20. f4 Nd7 21. Nc4 Qg6 22.
Qxe6+ Qxe6 23. Rxe6 Nb4 24. Re2 Rfe8 25. Rae1 Rxe2 26.
Rxe2 Nf6 27. a3 Nbd5 28. a4 Rd8 29. Kf2 Nb4 30. g4 Nfd5 31. Kg3 Rf8 32. f5 Rd8 33. h4 h6 34. g5 hxg5 35. hxg5 a6 36. Be4 b5 37.
axb5 axb5 38. Ne5 Ne3 39. f6 gxf6 40. gxf6 Nbd5 41. f7+ Kg7 42. Rf2 Nf6 43. Bc6 Nh7 44. Bxb5 Nf8 45. b3 Rd5 46. Nd7 Rg5+ 47. Kh4 Rg6 48. Nxf8 Kxf8 49. Bc4 Nxc4 50. bxc4 Rg1 51. Kh5 Rg3 52. Kh4 Rg1 53. Kh3 Rc1 54. Kg4 Rg1+ 55.
Kh4 Rc1 56. Kg5 Rg1+ 57. Kf6 Rf1 58. Rf5 Rf2 59. Ke6 Rxc2 60. Rxc5 Re2+ 61. Kd5 Kxf7 62. Kxd4 Ke7 63. Re5+ 1-0

[Event "*** Titled Tuesday Blitz"]
[Site "Chess.com"]
[Date "2018.12.04"]
[Round "9"]
[White "zeitnot2006"]
[Black "chesstatour"]
[Result "1-0"]
[WhiteElo "2114"]
[BlackElo "2083"]
[TimeControl "180+2"]
[EndTime "15:11:49 PST"]
[Termination "zeitnot2006 won by resignation"]

1. d4 c6 2. c4 d5 3. Nf3 Nf6 4. e3 Bg4 5. Bd3 e6 6. Qb3 Qc7 7. Nh4 Be7 8. h3 Bh5 9. g4 Bg6 10. Nxg6 hxg6 11. Be2 Nbd7 12. Bd2 e5 13. cxd5 exd4 14.
exd4 Nxd5 15. Nc3 Nf4 16. O-O-O Nxe2+ 17. Nxe2 Qb6 18. Qe3 Nf6 19. Nc3 Nd5 20. Nxd5 cxd5 21. Rhe1 Qc7+ 22. Kb1 Kd8 23. Qf3 Bf6 24. Qxd5+ Qd7 25. Qb3 Re8 26. Rxe8+ Kxe8 27. Bb4 Rc8 28. d5 Kd8 29. d6 Qe6 30. Qxe6 fxe6 31. Rd3 Kd7 32. Bc3 Bxc3 33. bxc3 Rc6 34. Kc2 Rxd6 35. f4 Ke7 36. c4 Rc6 37. Kb3 Rc5 38. Kb4 b6 39.
Re3 Kf7 40. Re4 g5 41. fxg5 Rxg5 42. Rd4 Ke7 43. Kc3 Re5 44. Kd3 Ra5 45. Ke4 Rxa2 46. Rd3 Re2+ 47. Kf4 Rc2 48. Rd4 a5 49. Kg5 a4 50.
Kg6 a3 51. Rd3 a2 52. Ra3 Kd6 53. Kxg7 Kc5 54. g5 Kxc4 55. g6 Kb4 56. Ra6 b5 57.
Kh7 Rg2 58. g7 Kb3 59. g8=Q Rxg8 60. Kxg8 b4 61. h4 Kb2 62. h5 a1=Q 63. Rxa1 Kxa1 64. h6 b3 65. h7 b2 66. h8=Q Ka2 67. Qh2 Ka1 68.
Qe5 Ka2 69. Qxe6+ Ka1 70. Qe5 Kb1 71. Kf7 Kc1 72. Qc3+ Kb1 73. Ke6 1-0

[Event "*** Titled Tuesday Blitz"]
[Site "Chess.com"]
[Date "2018.12.04"]
[Round "9"]
[White "c63_amg"]
[Black "Durarbayli"]
[Result "0-1"]
[WhiteElo "2626"]
[BlackElo "2711"]
[TimeControl "180+2"]
[EndTime "15:11:52 PST"]
[Termination "Durarbayli won by resignation"]

1. e4 c5 2. Nf3 d6 3. d4 cxd4 4.
Qxd4 a6 5. c4 Nf6 6. h3 g6 7. Be2 Bg7 8. O-O O-O 9. Nc3 Nc6 10. Qe3 Nd7 11. Rd1 Rb8 12. Rb1 Qa5 13. Bd2 Qc5 14. Qf4 Nde5 15. Qh4 Nxf3+ 16. Bxf3 Bf6 17.
Qg3 Qxc4 18. Nd5 Be5 19. Qh4 Qxa2 20. Bc3 Be6 21. Bxe5 dxe5 22. Nxe7+ Nxe7 23. Qxe7 Kg7 24. Qc5 Kf6 25. Bg4 Qc4 26. Qe3 Bxg4 27. hxg4 Kg7 28. g5 Rfd8 29. Qf3 Qe6 30. Rd5 Qe7 31. Qg3 Rxd5 32. exd5 Rd8 33. Rd1 b5 34. Qe3 a5 35.
f4 e4 36. Qd4+ Kg8 37. d6 Qe6 38. d7 e3 39. Re1 Rxd7 40. Qxe3 Qxe3+ 41. Rxe3 Rd1+ 42. Kh2 Rd2 43. b3 Rb2 44. Rc3 Kf8 45. Re3 Kg7 46.
Kh3 h5 47. gxh6+ Kxh6 48. g4 g5 49. f5 Kg7 50. Kg3 Kf6 51. Kf3 b4 52. Kg3 Ra2 53.
Rd3 Ra3 54. Rd6+ Ke5 55. Rd7 Rxb3+ 56. Kf2 Kf4 57. Rxf7 Kxg4 58. f6 Rf3+ 59. Kg2 Rf5 60. Rf8 b3 61. f7 b2 62. Rb8 Rxf7 63. Rxb2 Ra7 64. Ra2 a4 65. Ra3 Kf4 66. Kf2 g4 67. Kg2 Ke4 68. Kg3 Kd4 69. Kxg4 Kc4 70. Kf3 Kb4 71. Re3 a3 0-1

[Event "*** Titled Tuesday Blitz"]
[Site "Chess.com"]
[Date "2018.12.04"]
[Round "9"]
[White "amiralfio"]
[Black "Kimster98"]
[Result "1-0"]
[WhiteElo "2447"]
[BlackElo "2553"]
[TimeControl "180+2"]
[EndTime "15:11:54 PST"]
[Termination "amiralfio won by resignation"]

1. d4 Nf6 2. Nf3 e6 3. c4 b6 4. g3 Bb7 5. Bg2 Be7 6. O-O O-O 7. d5 Na6 8. Nc3 Bb4 9. Bf4 Bxc3 10. bxc3 d6 11.
dxe6 fxe6 12. Qc2 Be4 13. Qb2 e5 14. Be3 Ng4 15. Bg5 Qd7 16. Nxe5 Qf5 17. Nxg4 Qxg4 18. h3 Qxg5 19. Bxe4 Rae8 20. Bd5+ Kh8 21. Rad1 Nc5 22. Rd4 a5 23. Qc2 Re7 24. Rg4 Qe5 25. Rh4 h6 26. Qg6 Qf6 27. Qxf6 Rxf6 28. e4 g5 29. Rh5 Re5 30. Kg2 Nxe4 31. f4 Re7 32. Re1 Nxg3 33. Rxh6+ Rxh6 34. Rxe7 gxf4 35. Rxc7 Nf5 36. Kf3 Rxh3+ 37.
Kxf4 Ne3 38. Be6 Rh6 39. Re7 Nd1 40. Kg5 Rh2 41. Bg4 Rg2 42. Kh5 Nxc3 43. Bf5 Nxa2 44.
Kh6 Rh2+ 45. Kg6 Rg2+ 46. Kf6 Nb4 47. Rh7+ Kg8 48. Rh6 Rf2 49. Ke6 a4 50. Rg6+ Kf8 51.
Rf6+ Kg7 52. Rf7+ Kg8 53. Bh7+ Kh8 54. Rxf2 Kxh7 55. Rb2 Nd3 56. Rh2+ Kg6 57. Kxd6 a3 58. Kc6 Nb2 59. Kb5 a2 60. Rh1 Kf5 61. Ra1 Ke4 62.
Rxa2 Nd3 63. Ra6 Kd4 64. Rxb6 Ne5 65. Rd6+ Ke4 66. Re6 Kd4 67. Rxe5 Kxe5 68. c5 Ke6 69. Kb6 1-0

[Event "*** Titled Tuesday Blitz"]
[Site "Chess.com"]
[Date "2018.12.04"]
[Round "9"]
[White "Paparama_1917"]
[Black "kacprekt"]
[Result "1-0"]
[WhiteElo "2579"]
[BlackElo "2375"]
[TimeControl "180+2"]
[EndTime "15:11:54 PST"]
[Termination "Paparama_1917 won by resignation"]

1. e4 c6 2. d4 d5 3. Nd2 dxe4 4. Nxe4 Bf5 5. Ng3 Bg6 6. N1e2 Nd7 7. Nf4 e5 8. Nxg6 hxg6 9. dxe5 Qa5+ 10. Bd2 Qxe5+ 11.
Qe2 Ngf6 12. O-O-O O-O-O 13. Bc3 Qxe2 14. Bxe2 Bc5 15. f3 Rhe8 16. Bc4 Re7 17. Rhe1 Rde8 18. Rxe7 Rxe7 19. Re1 Rxe1+ 20. Bxe1 Ne5 21. Bb3 Nd5 22. Ne4 Be3+ 23. Kd1 Nf4 24. Bc3 f6 25. g3 Nd5 26.
Bxe5 fxe5 27. Bxd5 cxd5 28. Nc3 d4 29. Nd5 Bg1 30. Ne7+ Kd7 31. Nxg6 Ke6 32. h3 Bh2 33. g4 Bg3 34. h4 Kf6 35. h5 Kg5 36. Ke2 e4 37. Ne7 Be5 38. Nf5 Kf4 39. fxe4 Kxg4 40. h6 g6 41. Ne7 Kh5 42. h7 Kh6 43. Kf3 Kxh7 44. Kg4 Kg7 45. Nd5 Kh6 46. Nb4 Bc7 47.
Nd3 Kg7 48. Ne1 Kf6 49. Nf3 Be5 50. b3 b6 51. Nd2 a6 52. a4 b5 53. axb5 axb5 54.
Nf3 Ke6 55. Kg5 Bh8 56. Kxg6 Bf6 57. Kh5 Kd6 58. Kg4 Kc5 59. Kf5 Bd8 60. e5 Kd5 61. e6 Be7 62. Ne5 b4 63. Nd3 Bd6 64. Nf4+ Bxf4 65. Kxf4 Kxe6 66. Ke4 1-0

[Event "*** Titled Tuesday Blitz"]
[Site "Chess.com"]
[Date "2018.12.04"]
[Round "9"]
[White "gkchesstiger"]
[Black "nailbeshirli"]
[Result "1-0"]
[WhiteElo "2811"]
[BlackElo "2615"]
[TimeControl "180+2"]
[EndTime "15:11:55 PST"]
[Termination "gkchesstiger won by resignation"]

1. d4 Nf6 2. Nf3 e6 3. Bf4 Be7 4. h3 c5 5. e3 O-O 6. Nbd2 Nc6 7.
c3 d5 8. Bd3 c4 9. Bc2 b5 10.
a3 a5 11. e4 dxe4 12. Nxe4 Nd5 13. Bh2 f5 14. Ned2 Bd6 15. Bxd6 Qxd6 16. O-O a4 17.
Re1 Bb7 18. Nf1 Rae8 19. Qd2 Nf4 20. Re3 Ne7 21. Rae1 Ned5 22. Re5 Ng6 23. Bxf5 Nxe5 24.
dxe5 Qe7 25. Be4 Nf4 26. Ng3 Bxe4 27. Rxe4 Nxh3+ 28. Kh2 Rd8 29. Qe3 Rd3 30. Qb6 Nf4 31. Qxb5 Nxg2 32. Kxg2 Rfxf3 33. Qxc4 h5 34. Rd4 Rxd4 35.
Qxd4 Rf8 36. Nxh5 Qb7+ 37. Kg1 Qxb2 38. Ng3 Qxa3 39. Kg2 Qa2 40. Ne4 Qd5 41. Qxa4 Qxe5 42. Qc4 Rf4 43. f3 Rf5 44. Qd3 Qf4 45. Qd8+ Rf8 46. Qd3 Qf5 47. c4 Rb8 48. Qc3 Qg6+ 49. Ng3 Rc8 50. Kf2 Qh6 51. Kg2 Qg5 52. Kh3 Qf4 53.
c5 Qh6+ 54. Kg2 Qg5 55. Qe1 Kf7 56. Qb4 Qxc5 57. Qf4+ Qf5 58. Nxf5 1-0

[Event "*** Titled Tuesday Blitz"]
[Site "Chess.com"]
[Date "2018.12.04"]
[Round "9"]
[White "Satscho"]
[Black "DiogenesSinopeus"]
[Result "0-1"]
[WhiteElo "2307"]
[BlackElo "2417"]
[TimeControl "180+2"]
[EndTime "15:12:00 PST"]
[Termination "DiogenesSinopeus won by checkmate"]

1. e4 e5 2. Nf3 Nc6 3. Nc3 Nf6 4. d4 exd4 5. Nxd4 Bc5 6. Nb3 Bb4 7. Bd3 O-O 8. O-O h6 9. Kh1 d5 10. exd5 Ne5 11.
Bf4 Bxc3 12. bxc3 Nxd3 13. Qxd3 Qxd5 14. Bxc7 Bf5 15. Qxd5 Nxd5 16. Bd6 Rfd8 17. c4 Rxd6 18. cxd5 Rxd5 19. c4 Re5 20. h3 Rd8 21. Rad1 Rc8 22. Rd4 Re2 23. Rd2 Rce8 24. Rfd1 Re1+ 25. Rxe1 Rxe1+ 26. Kh2 Be6 27. Nc5 Bxc4 28. Nxb7 Ra1 29. Rd8+ Kh7 30.
Nd6 Bxa2 31. Ra8 Bd5 32. Rd8 a5 33. Nb5 Be6 34. Rd2 a4 35. Kg3 a3 36. Nc3 Rc1 37.
Na2 Rc8 38. f3 Bxa2 39. Rxa2 Ra8 40. Kf2 g6 41. Ke3 Kg7 42. Kf4 Kf6 43. Ke3 h5 44. Kf4 Ra4+ 45. Ke3 h4 46. f4 Kf5 47. Ra1 a2 48.
Kf3 Ra3+ 49. Kf2 Kxf4 50. Ke2 Kg3 51. Kf1 f5 52. Kg1 f4 53. Kf1 g5 54. Ke2 g4 55. hxg4 Kxg4 56. Kf2 Ra4 57. Kg1 Kg3 58. Kf1 h3 59. gxh3 Kxh3 60. Kf2 Ra3 61. Rh1+ Kg4 62. Ra1 f3 63. Rg1+ Kf4 64. Ra1 Ra8 65. Kf1 Ke3 66. Re1+ Kd2 67. Ra1 Kc2 68. Kf2 Kb2 69.
Rxa2+ Kxa2 70. Kxf3 Re8 71. Kf2 Kb3 72. Kf3 Kc3 73. Kf2 Kd3 74. Kf3 Rf8+ 75. Kg2 Ke3 76. Kg3 Rg8+ 77. Kh2 Kf4 78. Kh1 Kf3 79. Kh2 Rg7 80.
Kh3 Rh7# 0-1

[Event "*** Titled Tuesday Blitz"]
[Site "Chess.com"]
[Date "2018.12.04"]
[Round "9"]
[White "vugarrasulov"]
[Black "Tjktiger"]
[Result "0-1"]
[WhiteElo "2797"]
[BlackElo "2711"]
[TimeControl "180+2"]
[EndTime "15:12:04 PST"]
[Termination "Tjktiger won by resignation"]

1. e4 c5 2. Nf3 Nc6 3. d4 cxd4 4.
Nxd4 g6 5. c4 Bg7 6. Be3 Qb6 7.
Nb3 Qd8 8. Nc3 Bxc3+ 9. bxc3 Nf6 10. f3 d6 11. Be2 O-O 12. O-O b6 13. a4 Qc7 14. a5 Nxa5 15. Nxa5 bxa5 16. Qa4 Be6 17. Qxa5 Rfc8 18. Qxc7 Rxc7 19. Bb6 Rc6 20. c5 dxc5 21.
Rxa7 Rb8 22. Bc7 Rb2 23. Re1 Nd7 24. Bf4 h5 25. h4 f6 26. Bf1 Kf7 27. Rd1 Ne5 28.
Ra8 Rb3 29. Bh6 Bc4 30. f4 Bxf1 31. fxe5 Be2 32. Rd2 Bg4 33. exf6 Rxf6 34. Bg5 Rb1+ 35. Kh2 Rd6 36. Rf2+ Ke6 37. Re8 Rb7 38. c4 Rd4 39.
Rf6+ Kd7 40. Rff8 Rxe4 41. Rd8+ Kc6 42. Bf4 Rxc4 43. Bg3 Rc2 44. Rg8 Bf5 45. Rd1 Rbb2 46. Rg1 Be4 47. Rc8+ Kd7 48. Rc7+ Ke6 49. Bf4 Rxg2+ 50.
Rxg2 Rxg2+ 51. Kh3 Rc2 52. Bg5 Bf5+ 53. Kg3 c4 54.
Rxe7+ Kd6 55. Re3 Kd5 56. Bf6 Rd2 57. Kf4 Rg2 58. Re5+ Kc6 59. Ra5 Rg4+ 60. Ke3 c3 61. Bxc3 Rxh4 62. Bd4 Re4+ 63. Kd3 Re5+ 0-1

[Event "*** Titled Tuesday Blitz"]
[Site "Chess.com"]
[Date "2018.12.04"]
[Round "9"]
[White "Oligan22"]
[Black "Yurovskykh_Oleksandr"]
[Result "1/2-1/2"]
[WhiteElo "2295"]
[BlackElo "2484"]
[TimeControl "180+2"]
[EndTime "15:12:04 PST"]
[Termination "Game drawn by agreement"]

1. e4 c6 2. d4 d5 3. exd5 cxd5 4. Bd3 Nc6 5. c3 Qc7 6. Ne2 Bg4 7. h3 Bh5 8. O-O e6 9. Qe1 Bg6 10. Nf4 Bxd3 11.
Nxd3 Bd6 12. Nd2 Nf6 13. f4 O-O 14. Ne5 Ne8 15. Ndf3 f5 16. b3 Nxe5 17. fxe5 Be7 18. Bf4 Rc8 19. Rc1 Qa5 20. Rc2 Nc7 21. c4 Qxe1 22.
Rxe1 Na6 23. Bd2 b5 24. c5 Nb8 25. Bg5 Kf7 26. h4 Nc6 27. Bxe7 Kxe7 28. a3 g6 29. Kf2 Rb8 30. Ke3 b4 31. a4 h6 32.
g3 Rg8 33. Rh2 Rg7 34. Reh1 Na5 35. Nd2 Rf8 36. Rf2 g5 37. hxg5 hxg5 38. Rfh2 f4+ 39.
gxf4 gxf4+ 40. Kf2 Rff7 41. Rh3 Rg4 42. Rh7 Rgg7 43.
Rxg7 Rxg7 44. Kf3 Rg3+ 45. Kxf4 Rd3 46. Nf3 Nxb3 47. Rh7+ Ke8 48. Rh8+ Kd7 49. Rh7+ Kc6 50. Rxa7 Nxd4 51. Ra6+ Kc7 52. Nxd4 Rxd4+ 53. Kg5 b3 54. Rb6 Rxa4 55. Rxb3 Kc6 56. Kf6 Kxc5 57. Kxe6 Kc4 58. Rb8 d4 59. Kf7 Ra5 60. Rc8+ Kb3 61. Rd8 Rxe5 62.
Rxd4 Rc5 63. Rd6 Kc4 64. Re6 1/2-1/2

[Event "*** Titled Tuesday Blitz"]
[Site "Chess.com"]
[Date "2018.12.04"]
[Round "9"]
[White "Frolik67"]
[Black "AquivaRubinstein"]
[Result "1-0"]
[WhiteElo "2629"]
[BlackElo "2410"]
[TimeControl "180+2"]
[EndTime "15:12:05 PST"]
[Termination "Frolik67 won by checkmate"]

1. e4 c5 2. Nf3 Nf6 3. e5 Nd5 4. c4 Nc7 5. Nc3 Nc6 6. d3 g6 7. Bf4 Bg7 8. Nd5 Ne6 9. Bg3 O-O 10. Be2 Ned4 11. Nxd4 Nxd4 12. O-O e6 13. Nc3 Nf5 14. f4 Ne3 15. Qd2 Nxf1 16. Rxf1 d6 17. Ne4 dxe5 18. fxe5 Qd4+ 19. Kh1 Bxe5 20. Qg5 f5 21. Bh5 Qxd3 22. Rd1 Qxe4 23. Re1 Bf6 24. Qh6 Bg7 25. Qg5 Qd4 26.
Bf3 Qf6 27. Qd2 f4 28. Bf2 e5 29. Bxc5 Rd8 30. Qc3 Be6 31. Bxb7 Rab8 32. Be4 Rbc8 33. b4 a5 34. a3 axb4 35. axb4 Qh4 36. Rb1 f3 37.
Qxf3 Bxc4 38. g3 Qf6 39. Qg2 Be6 40. Rf1 Qg5 41. h4 Qd2 42. Rf2 Qe1+ 43. Rf1 Qd2 44. Rf2 Qc1+ 45. Kh2 Rxc5 46. bxc5 Qxc5 47. Bf3 Rf8 48.
Re2 Qc3 49. Be4 Qd4 50. Rd2 Qe3 51. Re2 Qc3 52. Rc2 Qa3 53. Rc6 Qe7 54. Rxe6 Qxe6 55. Bd5 Qxd5 56. Qxd5+ Kh8 57. Kh3 h5 58. Qe6 Kh7 59. g4 Rf3+ 60. Kg2 hxg4 61. Qxg4 Rf5 62. Kh3 Bf6 63. Qa4 Rh5 64. Qd7+ Kh6 65. Qd6 Rxh4+ 66.
Kg3 Rf4 67. Qf8+ Kg5 68. Qg8 e4 69. Qd5+ Rf5 70. Qxe4 Be5+ 71. Kh3 Kf6 72. Qc6+ Kg5 73. Qc4 Rf4 74. Qe6 Rf5 75. Qe7+ Bf6 76. Qe4 Be5 77. Qh4# 1-0

[Event "*** Titled Tuesday Blitz"]
[Site "Chess.com"]
[Date "2018.12.04"]
[Round "9"]
[White "josmito10"]
[Black "731291"]
[Result "1-0"]
[WhiteElo "2697"]
[BlackElo "2602"]
[TimeControl "180+2"]
[EndTime "15:12:08 PST"]
[Termination "josmito10 won by resignation"]

1. d4 Nf6 2. c4 e6 3. g3 c5 4. d5 exd5 5. cxd5 d6 6. Nc3 g6 7. Nf3 Bg7 8. Bg2 O-O 9. O-O a6 10. a4 Re8 11. Bf4 h6 12. Qc1 g5 13. Bd2 Bf5 14.
Re1 Nbd7 15. h4 g4 16. Nh2 Kh7 17. Nf1 Ne5 18. a5 b5 19. axb6 Qxb6 20. Ne3 Bg6 21. Ra4 Rab8 22. Ncd1 Qb5 23. Ra5 Qb6 24. Bc3 h5 25.
Ra4 Qb5 26. Qa1 Ra8 27. Ra5 Qb6 28. Qa4 Qb7 29. Qa2 Ne4 30. Ra4 Nxc3 31. Nxc3 Reb8 32.
Ne4 Qxb2 33. Qxb2 Rxb2 34. Nxd6 Rb4 35. Ra5 Bf8 36. Ndf5 Rb6 37. Rc1 Rd8 38. Be4 Rb4 39. Bc2 Rb6 40. Rca1 Ra8 41. R1a2 c4 42. d6 Nc6 43.
Nxc4 Rb4 44. Rc5 Nd8 45. Ne5 Ne6 46. Nxg6 Nxc5 47. Nf4 Kg8 48. Nxh5 Nd7 49. Ba4 Nb6 50. Nf6+ Kh8 51. Bc6 Rc8 52. d7 Rd8 53. Rxa6 Rb1+ 54. Kg2 Nc4 55. Nxg4 Rb6 56. Rxb6 Nxb6 57. Ne5 Kg8 58.
g4 Bg7 59. Nxg7 Kxg7 60. g5 Kf8 61. f4 Ke7 62. h5 f6 63. gxf6+ Kxf6 64. Kf3 Ke7 65.
Bb5 Rg8 66. h6 Kd8 67. h7 1-0

[Event "*** Titled Tuesday Blitz"]
[Site "Chess.com"]
[Date "2018.12.04"]
[Round "9"]
[White "evgenyermolaev"]
[Black "rasmussvane"]
[Result "1-0"]
[WhiteElo "2446"]
[BlackElo "2687"]
[TimeControl "180+2"]
[EndTime "15:12:09 PST"]
[Termination "evgenyermolaev won by resignation"]

1. e4 c6 2. Nc3 d5 3. Nf3 dxe4 4. Nxe4 Nf6 5. Nxf6+ exf6 6. d4 Bd6 7. Be2 O-O 8. O-O Re8 9. h3 Nd7 10. c4 Nf8 11. Re1 Ng6 12. Bf1 Rxe1 13. Qxe1 Bf5 14. Be3 Qd7 15. Qc3 h5 16. Re1 a5 17. a3 a4 18. Bc1 Bc7 19. Qb4 Qc8 20. Bd2 Be6 21.
Qc5 Bf5 22. Kh1 Qd7 23. d5 Bd6 24. Qb6 c5 25. Be3 Rc8 26. Qa5 Be4 27. Be2 Nh4 28. Kg1 Bxf3 29. Bxf3 Nxf3+ 30. gxf3 Qxh3 31. f4 Re8 32.
Qxa4 Re4 33. Qc2 f5 34. Qd2 h4 35. b4 cxb4 36. c5 Qg4+ 37. Kf1 h3 38. f3 Qxf3+ 39. Qf2 Qxf2+ 40. Kxf2 Bf8 41. axb4 Rxb4 42. d6 Rb2+ 43. Kg3 Rb3 44. Kxh3 f6 45. Kg2 Kf7 46. Kf3 Rd3 47. Rb1 g5 48. Rxb7+ Kg6 49. Ke2 Rd5 50.
d7 gxf4 51. Bf2 Kg5 52. c6 Kg4 53. Rb3 f3+ 54. Rxf3 Bb4 55. Rd3 Re5+ 56. Kd1 Ba5 57. d8=Q Bxd8 58. Rxd8 Kf3 59. c7 Kxf2 60. c8=Q f4 61.
Qc2+ Kg3 62. Rd3+ Re3 63. Rxe3+ fxe3 64. Ke2 Kf4 65. Qd3 1-0

[Event "*** Titled Tuesday Blitz"]
[Site "Chess.com"]
[Date "2018.12.04"]
[Round "9"]
[White "alishersuleymenov"]
[Black "nubair1198"]
[Result "0-1"]
[WhiteElo "2487"]
[BlackElo "2621"]
[TimeControl "180+2"]
[EndTime "15:12:50 PST"]
[Termination "nubair1198 won by resignation"]

1. d4 c6 2. c4 d5 3. Nf3 Nf6 4. Nc3 dxc4 5. e3 b5 6. a4 b4 7. Nb1 Ba6 8. Be2 e6 9. O-O c5 10. Nbd2 Nc6 11. Nxc4 cxd4 12. Nce5 Bxe2 13. Qxe2 d3 14.
Nxd3 Be7 15. Nde5 Nxe5 16. Nxe5 Qd5 17. Qb5+ Qxb5 18. axb5 O-O 19. Bd2 Rfd8 20. Nc6 Rxd2 21. Nxe7+ Kf8 22. Nc6 Nd5 23. e4 Nb6 24. Rfd1 Rxb2 25.
Rxa7 g5 26. Rxa8+ Nxa8 27. h4 Nb6 28. hxg5 b3 29. Na5 Kg7 30. g3 e5 31. Kg2 Na4 32.
Ra1 Nb6 33. Rc1 Re2 34. Nxb3 Rxe4 35. Rc6 Nd5 36. Rc5 Nb6 37. Rc6 Nd5 38. Rd6 Ne7 39. Rd7 Nf5 40. Nc5 Rb4 41. Rb7 Nd6 42. Rb6 Rxb5 43.
Rxd6 Rxc5 44. Kf3 Ra5 45. Kg4 Ra2 46. f3 Ra3 47. Rd5 Re3 48. Rc5 h6 49. gxh6+ Kxh6 50. Rc6+ Kg7 51. Rc5 f6 52. Kf5 Rxf3+ 53. Kg4 Rf1 54. Rb5 Kg6 55. Rc5 Rh1 56. Rc4 f5+ 57. Kf3 Rh2 58. Rc3 Kg5 59. Ra3 Rh3 60. Kg2 Rh7 61.
Ra5 Re7 62. Rb5 Re8 63. Rc5 Kg4 64. Rc4+ Kg5 65. Rc7 Rb8 66. Rc5 Rb2+ 67. Kh3 e4 68.
Rc8 e3 69. Re8 e2 70. Re3 f4 71. Re5+ Kg6 72. gxf4 Kf6 73. Kg2 e1=Q+ 0-1

[Event "*** Titled Tuesday Blitz"]
[Site "Chess.com"]
[Date "2018.12.04"]
[Round "9"]
[White "Alexander_Donchenko"]
[Black "SantoBlue"]
[Result "1/2-1/2"]
[WhiteElo "2690"]
[BlackElo "2728"]
[TimeControl "180+2"]
[EndTime "15:12:51 PST"]
[Termination "Game drawn by stalemate"]

1. d4 Nf6 2. c4 e6 3. g3 d5 4. Bg2 Be7 5. Nf3 O-O 6. O-O c6 7.
Qc2 b6 8. Nbd2 Bb7 9. e4 Na6 10. a3 c5 11. exd5 exd5 12. dxc5 Nxc5 13. b4 Nce4 14. Bb2 Rc8 15. Rfd1 dxc4 16. Nxc4 Bd5 17. Nfe5 b5 18. Rxd5 Qxd5 19. Rd1 Rxc4 20. Nxc4 Qxc4 21. Qxc4 bxc4 22. Re1 c3 23. Bc1 Re8 24. Bxe4 Bxb4 25. Bxh7+ Kxh7 26. Rxe8 Nxe8 27. axb4 Kg6 28. Kf1 Nc7 29.
Ke2 Nd5 30. b5 Nc7 31. Kd3 Nxb5 32. g4 Kf6 33. h4 Ke5 34. h5 f6 35. f4+ Ke6 36. Kc4 a6 37. Kb4 f5 38. g5 Kf7 39.
Kc4 Kg8 40. Kb4 Kf7 41. Kc4 Ke6 42. Kb4 Kd7 43. h6 gxh6 44. gxh6 Nd6 45. Kxc3 Ne4+ 46. Kd4 Nf6 47. Kc5 Ke6 48. Bb2 Kf7 49. Kb6 Kg6 50. Kxa6 Nd5 51. Be5 Kxh6 52. Kb5 Kh5 53. Kc4 Ne7 54.
Kd3 Kg4 55. Ke3 Nd5+ 56. Ke2 Kg3 57. Bd6 Nc3+ 58. Ke3 Nd5+ 59. Ke2 Nf6 60. Be5 Nh5 61.
Bd6 Kg2 62. Be5 Ng3+ 63. Ke3 Kf1 64. Kf3 Ne4 65. Ke3 Ke1 66. Bc7 Kf1 67. Kf3 Nf6 68.
Be5 Nd5 69. Bd6 Ke1 70. Kg3 Kd2 71. Kf3 Kd3 72. Be5 Ne7 73. Bd6 Nc6 74. Be5 Na5 75. Bd6 Nc4 76. Be5 Nd2+ 77. Kf2 Ke4 78.
Bc7 Nc4 79. Ke2 Nb2 80. Kf2 Nd1+ 81. Ke2 Ne3 82. Bb8 Nd5 83. Bd6 Nc3+ 84. Kf2 Nb5 85. Be5 Nd4 86. Bxd4 Kxd4 87. Kf3 Kd3 88. Kf2 Kd4 89.
Kf3 Kc4 90. Ke2 Kc5 91. Ke3 Kc4 92. Ke2 Kd4 93. Kd2 Ke4 94. Ke2 Kxf4 95. Kf2 Ke4 96.
Ke2 f4 97. Kf2 f3 98. Kf1 Ke3 99. Ke1 f2+ 100. Kf1 Kf3 1/2-1/2